 Dungeon Crawl Stone Soup version 0.14-a0-2327-g5ff15cf (webtiles) character file.

37222 PolkaDot the Unseen (level 13, -2/85 HPs)
             Began as a Vampire Enchanter on Jan 29, 2014.
             Was the Champion of Dithmengos.
             Slain by an eight-headed hydra (5 damage)
             ... on Level 7 of the Lair of Beasts.
             The game lasted 01:27:17 (14614 turns).

PolkaDot the Unseen (Vampire Enchanter)            Turns: 14614, Time: 01:27:17

HP  -2/85        AC 14     Str  8      XL: 13   Next: 51%
MP  36/36        EV 13     Int 22      God: Dithmengos [******]
Gold 1085        SH  0     Dex 19      Spells:  6 memorised,  7 levels left

rFire  . . .     SeeInvis +     j - +5,+3 dagger (elec)
rCold  + + +     Clarity  .     l - +2 elf robe {rC+}
rNeg   + + +     Conserve .     (no shield)
rPois  +         rCorr    .     v - +5 helmet "Thelen" {rC++ rN+ MR+}
rElec  .         rRot     +     t - +1 cloak "Sedid" {Dex+2 Int+5}
SustAb . .       Spirit   .     (no gloves)
rMut   .         Warding  +     o - +1 pair of boots
Saprov . . .     Stasis   .     u - cursed amulet of warding
MR     ++...                    f - cursed ring of magical power
                                g - +6,+5 ring of slaying

@: regenerating slowly, very slightly contaminated, wreathed by umbra, very
resistant to hostile enchantments, uncannily stealthy
A: bottle blood, fangs 3, see invisible, (magic resistance 0), unbreathing
a: Bat Form, Bottle Blood, Shadow Step, Shadow Form, Renounce Religion


You were on level 7 of the Lair of Beasts.
You worshipped Dithmengos.
Dithmengos was exalted by your worship.
You were near bloodless.

You visited 2 branches of the dungeon, and saw 17 of its levels.
You also visited: Volcano.

You collected 1162 gold pieces.
You spent 77 gold pieces at shops.

Inventory:

Hand weapons
 j - a +5,+3 dagger of electrocution (weapon)
Armour
 a - a +2 elven cloak of darkness
 l - a +2 elven robe of cold resistance (worn)
 o - a +1 pair of boots (worn)
 t - the +1 cloak "Sedid" (worn) {Dex+2 Int+5}
   (You acquired it on level 7 of the Lair of Beasts)

   It affects your intelligence (+5).
   It affects your dexterity (+2).
 v - the +5 helmet "Thelen" (worn) {rC++ rN+ MR+}
   (You acquired it on level 7 of the Lair of Beasts)

   It greatly protects you from cold.
   It protects you from negative energy.
   It affects your resistance to hostile enchantments.
Magical devices
 p - a wand of digging (4)
 w - a wand of disintegration (15) {unknown}
 D - a wand of teleportation (2)
Scrolls
 b - a scroll of enchant weapon I
 k - 2 scrolls of recharging
 m - a scroll of teleportation
 n - a scroll of magic mapping
 q - a scroll of identify
Jewellery
 d - an uncursed amulet of stasis
 e - a +2 ring of strength
 f - a cursed ring of magical power (right hand)
 g - a +6,+5 ring of slaying (left hand)
 s - an uncursed amulet of guardian spirit
 u - a cursed amulet of warding (around neck)
Potions
 c - a potion of brilliance
 h - a potion of degeneration {unknown}
 i - 3 potions of curing
Books
 r - a book of Summonings

   Spells                             Type                      Level
   Abjuration                         Summoning                    3
   Recall                             Summoning/Translocation      3
   Summon Elemental                   Summoning                    4
   Shadow Creatures                   Summoning                    5
   Summon Demon                       Summoning                    5
   Summon Ugly Thing                  Summoning                    6


   Skills:
 - Level 2.7 Fighting
 + Level 9.8 Short Blades
 - Level 0.7 Throwing
 - Level 2.1 Dodging
 * Level 19.7 Stealth
 - Level 6.6 Spellcasting
 + Level 19.7 Hexes


You had 7 spell levels left.
You knew the following spells:

 Your Spells              Type           Power        Failure   Level  Hunger
a - Corona                Hex            #######      0%          1    None
b - Sure Blade            Hex/Chrm       ######....   1%          2    None
c - Confuse               Hex            #######.     0%          3    #......
d - Ensorcelled Hibernat  Hex/Ice        ######       1%          2    None
e - Enslavement           Hex            #######.     1%          4    ###....
i - Invisibility          Hex            #######.     1%          6    ######.


Dungeon Overview and Level Annotations

Branches:
Dungeon (10/16)            Temple (0/1) D:7            Lair (7/8) D:8
  Swamp (0/5) Lair:5        Snake (0/5) Lair:5        Slime (0/6) Lair:7
    Orc: D:9-12

Altars:
Dithmengos
Makhleb
Sif Muna
Zin

Shops:
D:4 [   D:7 :


Innate Abilities, Weirdness & Mutations

You heal slowly.
You can bottle blood from corpses.
You have razor-sharp teeth.*
You have supernaturally acute eyesight.
You can survive without breathing.*
((You are highly resistant to hostile enchantments.))+


Message History

Okay, then.
Drink which item? (? for menu, Esc to quit)
Okay, then.
Use which ability? (? or * to list)
Okay, then.
Unknown command.
You see here 28 gold pieces.
Evoke which item? (* to show all) (? for menu, Esc to quit)
Okay, then.
You see here 28 gold pieces.
The eight-headed hydra bites you!
* * * LOW HITPOINT WARNING * * *
The eight-headed hydra bites you.
* * * LOW HITPOINT WARNING * * *
The eight-headed hydra bites you!
* * * LOW HITPOINT WARNING * * *
The eight-headed hydra bites you!
* * * LOW HITPOINT WARNING * * *
The eight-headed hydra bites you.
You die...

##......#.#........
#.#............(...
######.....#.....#......
#.#####P#..#........>.........
###.##...................#......
...............................
###......<............#.#........
#........[....f..................
#.P.....!.......@D...............
.....[......f.....#..............
##...f..$........#.#....f........
........#..#..P.###..............
..%......#.####.# ####...........
.....PP...## ### #......#....
P........## ##..........
#........# ##..........
.......P## #####...........


You could see an eight-headed hydra.

Vanquished Creatures
  Fannar (Lair:5)
  4 hydras
  5 death yaks
  An alligator (Lair:5)
  An elephant (D:8)
  A griffon (Lair:5)
  5 black mambas
  6 spiny frogs
  The ghost of letownia the Basher, an average OgBe of Trog (D:6)
  2 wandering mushrooms (Lair:1)
  3 fire drakes
  10 komodo dragons
  A guardian mummy (Volcano)
  A two-headed ogre (D:9)
  A minotaur skeleton (Volcano)
  22 blink frogs
  2 basilisks
  A baby alligator (Lair:5)
  20 yaks
  A flying skull (Volcano)
  3 vampires (Volcano)
  3 fire bats (Lair:2)
  An elephant slug (Lair:7)
  A hungry ghost (D:9)
  Grum (D:9)
  A wyvern (D:8)
  7 wolves
  4 hippogriffs
  2 hill giant skeletons
  A spriggan skeleton (Volcano)
  4 nagas (Lair:5)
  13 porcupines
  A black bear (D:9)
  2 centaurs
  A necrophage (D:6)
  5 ogres
  An orc warrior (D:8)
  2 phantoms (D:6)
  3 ice beasts
  A boring beetle (Lair:7)
  9 giant frogs
  13 crocodiles
  Duvessa (D:4)
  7 giant slugs
  A draconian skeleton (Volcano)
  A manticore skeleton (Volcano)
  9 agate snails
  8 water moccasins
  8 wights
  2 troll skeletons (Volcano)
  11 killer bees
  Dowan (D:4)
  4 jellies
  4 crimson imps
  2 goliath beetles
  A giant frog skeleton (D:4)
  15 hounds
  8 orc wizards
  4 orc priests
  5 worker ants
  A centaur skeleton (Volcano)
  10 iguanas
  13 sheep
  7 orange rats (Lair:7)
  Ijyb (D:2)
  An ogre skeleton (Volcano)
  2 tengu skeletons (Volcano)
  Terence (D:2)
  A naga skeleton (Volcano)
  3 mummies
  34 green rats
  18 adders
  7 giant centipedes
  A gnoll (D:1)
  A shadow imp (D:4)
  An inept item mimic (D:6)
  4 worms
  An orc zombie (D:5)
  An adder zombie (D:7)
  A giant eyeball (D:7)
  3 oozes
  30 orcs
  25 bats
  A bat skeleton (D:8)
  A bat zombie (D:7)
  3 giant cockroaches
  11 goblins
  21 hobgoblins
  26 jackals
  13 kobolds
  7 quokkas
  13 giant geckos
  A giant gecko skeleton (D:5)
  5 giant newts
  2 giant spores (D:8)
  A hobgoblin skeleton (D:9)
  An orc skeleton (D:4)
  17 rats
  8 ballistomycetes (D:8)
558 creatures vanquished.

Vanquished Creatures (others)
  5 fungi
5 creatures vanquished.

Grand Total: 563 creatures vanquished

Notes
Turn   | Place    | Note
--------------------------------------------------------------
     0 | D:1      | PolkaDot, the Vampire Enchanter, began the quest for the Orb.
     0 | D:1      | Reached XP level 1. HP: 13/13 MP: 3/3
   304 | D:1      | Reached XP level 2. HP: 7/19 MP: 2/4
   691 | D:1      | Reached XP level 3. HP: 7/24 MP: 4/6
  1301 | D:2      | Reached skill level 5 in Hexes
  1303 | D:2      | Noticed Ijyb
  1313 | D:2      | Reached skill level 1 in Fighting
  1317 | D:2      | Killed Ijyb
  1317 | D:2      | Reached XP level 4. HP: 32/32 MP: 7/7
  1328 | D:2      | Learned a level 3 spell: Confuse
  1500 | D:2      | Noticed Terence
  1511 | D:2      | Killed Terence
  2123 | D:3      | Reached skill level 5 in Stealth
  2123 | D:3      | Reached XP level 5. HP: 19/38 MP: 7/9
  2225 | D:3      | Reached skill level 6 in Hexes
  2349 | D:3      | Gained mutation: You are resistant to hostile enchantments. [potion of mutation]
  2349 | D:3      | Gained mutation: You are highly resistant to hostile enchantments. [potion of mutation]
  2677 | D:4      | Noticed Duvessa
  2681 | D:4      | Noticed Dowan
  2711 | D:4      | Killed Duvessa
  2711 | D:4      | Reached XP level 6. HP: 33/44 MP: 3/10
  2714 | D:4      | Killed Dowan
  2714 | D:4      | Reached skill level 7 in Hexes
  2992 | D:4      | Found a burning altar of Makhleb.
  3409 | D:4      | Found a shadowy altar of Dithmengos.
  3415 | D:4      | Became a worshipper of Dithmengos
  3536 | D:4      | Found Caudwol's Antique Armour Emporium.
  3539 | D:4      | Bought a pair of boots for 46 gold pieces
  3539 | D:4      | Bought a cloak for 31 gold pieces
  3757 | D:4      | Noticed an ice beast
  3759 | D:4      | Killed an ice beast
  3759 | D:4      | Reached skill level 8 in Hexes
  3759 | D:4      | Reached XP level 7. HP: 51/51 MP: 12/12
  3888 | D:5      | Entered Level 5 of the Dungeon
  3932 | D:5      | Learned a level 6 spell: Invisibility
  3951 | D:5      | Reached skill level 9 in Hexes
  3997 | D:5      | Found a glowing silver altar of Zin.
  4432 | D:5      | Reached skill level 10 in Hexes
  4466 | D:6      | Noticed letownia's ghost (average OgBe)
  4491 | D:5      | Reached XP level 8. HP: 35/57 MP: 2/14
  4632 | D:6      | Learned a level 2 spell: Ensorcelled Hibernation
  4922 | D:6      | Reached skill level 11 in Hexes
  5026 | D:6      | Acquired Dithmengos' first power
  5081 | D:6      | Killed letownia's ghost
  5127 | D:6      | Found a glowing silver altar of Zin.
  5127 | D:6      | Found a deep blue altar of Sif Muna.
  5160 | D:6      | Reached skill level 10 in Stealth
  5198 | D:6      | Reached skill level 12 in Hexes
  5220 | D:6      | Reached XP level 9. HP: 62/62 MP: 19/19
  5460 | D:7      | Found a staircase to the Ecumenical Temple.
  5462 | D:7      | Found Cuex's Book Boutique.
  5516 | D:7      | Learned a level 2 spell: Sure Blade
  5642 | D:7      | Identified a +2 rod of demonology (10/10) (You found it on level 7 of the Dungeon)
  5935 | D:8      | Reached skill level 13 in Hexes
  6421 | D:8      | Reached skill level 5 in Spellcasting
  6436 | D:8      | Acquired Dithmengos' second power
  6553 | D:8      | Found a staircase to the Lair.
  6554 | D:8      | Noticed an elephant
  6775 | D:8      | Killed an elephant
  6775 | D:8      | Reached skill level 14 in Hexes
  6808 | D:8      | Reached XP level 10. HP: 25/68 MP: 23/23
  7498 | D:9      | Reached skill level 15 in Hexes
  7560 | D:9      | Acquired Dithmengos' third power
  7586 | D:9      | Noticed Grum
  7589 | D:9      | Killed Grum
  7777 | D:9      | Learned a level 4 spell: Enslavement
  7777 | D:9      | Identified a scroll of acquirement
  8080 | D:10     | Entered Level 10 of the Dungeon
  8179 | Lair:1   | Entered Level 1 of the Lair of Beasts
  8233 | Lair:1   | Reached skill level 16 in Hexes
  8421 | Lair:1   | Noticed a five-headed hydra
  8428 | Lair:1   | Killed a five-headed hydra
  8428 | Lair:1   | Reached XP level 11. HP: 74/74 MP: 25/25
  8689 | Lair:1   | Reached skill level 17 in Hexes
  8826 | Lair:2   | Reached skill level 5 in Short Blades
  8889 | Lair:2   | Found a dark tunnel.
  8911 | Volcano  | Entered a volcano
  8976 | Volcano  | Acquired Dithmengos' fourth power
  9527 | Lair:2   | Reached skill level 18 in Hexes
  9563 | Lair:2   | Reached skill level 15 in Stealth
  9774 | Lair:2   | Noticed a four-headed hydra
  9781 | Lair:2   | Killed a four-headed hydra
  9896 | Lair:2   | Reached XP level 12. HP: 80/80 MP: 26/26
 11227 | Lair:4   | Noticed a six-headed hydra
 11233 | Lair:4   | Killed a six-headed hydra
 11651 | Lair:5   | Noticed a seven-headed hydra
 11655 | Lair:5   | Killed a seven-headed hydra
 11696 | Lair:5   | Noticed Fannar
 11702 | Lair:5   | Killed Fannar
 11802 | Lair:5   | Found a staircase to the Swamp.
 11971 | Lair:5   | Reached skill level 19 in Hexes
 12135 | Lair:5   | Found a staircase to the Snake Pit.
 13154 | Lair:5   | Reached XP level 13. HP: 82/85 MP: 21/27
 14049 | Lair:7   | Got a twisted cloak
 14053 | Lair:7   | Identified the +1 cloak "Sedid" {Dex+2 Int+5} (You acquired it on level 7 of the Lair of Beasts)
 14296 | Lair:7   | Got a blackened helmet
 14299 | Lair:7   | Identified the +5 helmet "Thelen" {rC++ rN+ MR+} (You acquired it on level 7 of the Lair of Beasts)
 14458 | Lair:7   | Found a staircase to the Slime Pits.
 14614 | Lair:7   | HP: 3/85 [eight-headed hydra (7)]
 14614 | Lair:7   | Slain by an eight-headed hydra

Action                   |  1- 3 |  4- 6 |  7- 9 | 10-12 | 13-15 || total
-------------------------+-------+-------+-------+-------+-------++-------
Melee: Dagger            |    61 |   187 |   245 |   457 |   115 ||  1065
Throw: Dart              |       |       |     1 |     1 |       ||     2
 Cast: Corona            |     3 |     3 |       |       |       ||     6
       Confuse           |       |    16 |    22 |    13 |     2 ||    53
       Ensorcelled Hiber |       |       |    22 |   103 |    19 ||   144
       Invisibility      |       |       |     7 |    15 |     5 ||    27
       Sure Blade        |       |       |       |     1 |       ||     1
 Abil: End Transformatio |       |       |       |     1 |       ||     1
       Bat Form          |       |       |       |     1 |       ||     1
Evoke: Wand              |       |       |     1 |     5 |     2 ||     8
  Use: Potion            |     6 |     5 |     5 |     1 |       ||    17
       Scroll            |       |    14 |    18 |    12 |     6 ||    50
 Stab: Sleeping          |     7 |    12 |    65 |   199 |    52 ||   335
       Invisible         |     1 |       |     2 |    13 |    19 ||    35
       Confused          |       |     3 |     9 |    11 |     1 ||    24
       Distracted        |       |       |     1 |     5 |       ||     6
